 Dungeon Crawl Stone Soup version 0.27-a0-1217-g8a41f320e8 (webtiles) character file.

Game seed: 13309887120122757204

4 polve the Skirmisher (level 1, -2/18 HPs)
             Began as a Demonspawn Abyssal Knight on June 5, 2021.
             Was an Initiate of Lugonu.
             Slain by a kobold
             ... wielding a +0 club
              (4 damage)
             ... on level 1 of the Dungeon.
             The game lasted 00:01:30 (516 turns).

polve the Skirmisher (Demonspawn Abyssal Knight)     Turns: 516, Time: 00:01:31

Health: -2/18      AC:  3    Str: 12    XL:     1   Next: 58%
Magic:  2/2        EV:  8    Int: 13    God:    Lugonu [......]
Gold:   17         SH:  8    Dex: 12    Spells: 0/0 levels left

rFire    . . .     SeeInvis .   a - +1 short sword
rCold    . . .     Faith    .   c - +2 kite shield
rNeg     . . .     Spirit   .   b - +0 leather armour
rPois    .         Reflect  .   (no helmet)
rElec    .         Harm     .   (no cloak)
rCorr    .         Rampage  .   (no gloves)
Will     .....                  (no boots)
Stlth    +.........             (no amulet)
HPRegen  0.06/turn              (no ring)
MPRegen  0.08/turn              (no ring)

@: no status effects
A: no striking features
a: Renounce Religion


You were on level 1 of the Dungeon.
You worshipped Lugonu.
Lugonu was noncommittal.
You visited 1 branch of the dungeon, and saw 1 of its levels.
You visited the Abyss 1 time.

You collected 17 gold pieces.

Inventory:

Hand Weapons
 a - a +1 short sword (weapon)
Armour
 b - a +0 leather armour (worn)
 c - a +2 kite shield (worn)


   Skills:
 - Level 3.0 Fighting
 + Level 2.1 Short Blades
 - Level 1.7 Armour
 - Level 0.8 Dodging
 + Level 0.1 Shields
 - Level 2.4 Invocations


You couldn't memorise any spells.
You didn't know any spells.
Your spell library was empty.

Dungeon Overview and Level Annotations

Branches:
Dungeon (1/15)

Altars:

Shops:
D:1 =


Message History

You closely miss the kobold.
The kobold is severely wounded.
The dart slug launches a dart at you. The slug dart hits you.
You block the kobold's attack.
You are too injured to fight recklessly!
You are too injured to fight recklessly!
You are too injured to fight recklessly!
You are too injured to fight recklessly!
You are too injured to fight recklessly!
You are too injured to fight recklessly!
You are too injured to fight recklessly!
You are too injured to fight recklessly!
You are too injured to fight recklessly!
You are too injured to fight recklessly!
There are monsters nearby!
There are monsters nearby!
You puncture the dart slug!
The dart slug is severely wounded.
You block the kobold's attack.
The dart slug bites you but does no damage.
You closely miss the kobold.
The kobold is severely wounded.
You block the kobold's attack. The dart slug bites you.
The kobold hits you with a +0 club.
You hit the kobold but do no damage.
The kobold is heavily wounded.
You block the dart slug's attack. The kobold hits you with a +0 club.
You closely miss the kobold.
The kobold is heavily wounded.
The kobold hits you with a +0 club. The dart slug bites you.
You hit the dart slug.
The dart slug is almost dead.
The kobold hits you but does no damage. The dart slug launches a dart at you.
The slug dart hits you.
* * * LOW HITPOINT WARNING * * *
Things that are here:
a +0 short sword; a ball python corpse The kobold hits you with a +0 club.
You die...

#.####... #........
#.####.#. #.# #.#. #.#
#.#.
###############.####.#)
......................>
####............####
#..@.#######....#...
#+#.K....# #....#.##
#.w....# #.##.#.#
....###......###.##.#g#
.............#......#.#
.............#...(..#.#
..8.8.8......#......#.#
...⌠.⌠.......#......#.#
..8.∩.8......#........#


You could see a dart slug and a kobold.

Vanquished Creatures
  A bat (D:1)
  A goblin (D:1)
  A ball python (D:1)
  A frilled lizard (D:1)
  A kobold (D:1)
5 creatures vanquished.

Notes
Turn   | Place    | Note
-------+----------+-------------------------------------------
     0 | Abyss:1  | polve the Demonspawn Abyssal Knight began the quest for the
                  | Orb.
     0 | Abyss:1  | Reached XP level 1. HP: 18/18 MP: 2/2
    97 | Abyss:1  | Found a corrupted altar of Lugonu.
   174 | Abyss:1  | Noticed a worldbinder
   236 | Abyss:1  | Noticed a smoke demon
   242 | Abyss:1  | Noticed a stone giant skeleton
   244 | D:1      | Escaped the Abyss
   504 | D:1      | Found Basaosm's Jewellery Emporium.
   516 | D:1      | Slain by a kobold

Illustrated notes

Levels and vault maps discovered:
D:1:      heliophobic_arrival_glass_houses, layout_basic, serial_shops,
          nicolae_shop_temple_entry_statues_fountains, shop, shop, shop,
          nicolae_shop_window_shopping

Skill      XL: |  1 |
---------------+----+-----
Short Blades   | 2 |  2.1
Fighting       | |  3.0
Armour         | |  1.7
Dodging        | |  0.8
Shields        | |  0.1
Invocations    | |  2.4

Action                   || total
-------------------------++-------
Melee: Short sword       ||    21
Invok: Depart the Abyss  ||     1
Armor: Leather armour    ||    11
Dodge: Dodged            ||    17
Block: Kite shield       ||     5

Table legend: (Time is in decaauts)
 A = Elapsed time spent in this place.
 B = Non-inter-level travel time spent in this place.
 C = Inter-level travel time spent in this place.
 D = Time resting spent in this place.
 E = Time spent auto-exploring this place.
 F = Levels seen in this place.
 G = Mean time per level.
                   A        B        C        D        E       F      G
               +--------+--------+--------+--------+--------+-----+--------+
         Total |    520 |    520 |      0 |      0 |    419 |   2 |  260.0 |
       Dungeon |    274 |    274 |      0 |      0 |    199 |   1 |  274.0 |
         Abyss |    246 |    246 |      0 |      0 |    220 |   1 |  246.0 |
               +--------+--------+--------+--------+--------+-----+--------+

Top non-repeatable levels by time:
     D:1: 274 daAuts
 Abyss:1: 246 daAuts
